 Dungeon Crawl Stone Soup version 0.30.1-4-g462c640d31 (webtiles) character file.

Game seed: 7426727463670720659

2 ChiefBigBeans the Magician (level 1, 0/15 HPs)
             Began as a Djinni Fire Elementalist on Sept 5, 2023.
             Frozen to death by an endoplasm (7 damage)
             ... on level 1 of the Dungeon.
             The game lasted 00:01:09 (129 turns).

ChiefBigBeans the Magician (DjFE)                    Turns: 129, Time: 00:01:09

Health: 0/15       AC:  2    Str:  7    XL:     1   Next: 44%
Gold:   38         EV: 12    Int: 16    God:
                   SH:  0    Dex: 13

rFire   + + .        d - +0 war axe (freeze)
rCold   x . .        (no shield)
rNeg    . . .        a - +0 robe
rPois   ∞            (no helmet)
rElec   .            (no cloak)
rCorr   .            (no gloves)
SInv    .            (boots unavailable)
Will    .....        (no amulet)
Stlth   ++           (no ring)
HPRegen 0.22/turn    (no ring)
MPRegen 0.00/turn

%: infuse magic (-1 HP)
@: flying
A: sickness immunity, fire resistance 2, cold vulnerability 1, float, innate
caster, HP casting, extra vitality 1
a: no special abilities


You were on level 1 of the Dungeon.
You visited 1 branch of the dungeon, and saw 1 of its levels.

You collected 38 gold pieces.

Inventory:

Hand Weapons
 d - a +0 war axe of freezing (weapon)
Armour
 a - a +0 robe (worn)
Magical Staves
 e - a staff of conjuration
Scrolls
 b - a scroll of blinking {unknown}
Potions
 c - a potion of curing {unknown}


   Skills:
 + Level 0.0 Fighting
 + Level 0.0 Axes
 + Level 0.0 Armour
 + Level 2.3 Dodging
 - Level 1.6 Stealth
 + Level 2.4 Spellcasting


You knew the following spells:

 Your Spells              Type           Power      Damage    Failure   Level
a - Foxfire               Conj/Fire      36%        2x1d5     8%          1
b - Scorch                Fire           18%        2d5       11%         2
c - Volatile Blastmotes   Fire/Tloc      18%        2d11      22%         3
d - Inner Flame           Hex/Fire       9%         N/A       22%         3
e - Flame Wave            Conj/Fire      9%         2d6       58%         4
Your spell library was empty.

Dungeon Overview and Level Annotations

Branches:
Dungeon (1/15)

Altars:


Innate Abilities, Weirdness & Mutations

You are immune to sickness and miasma.
You are immune to poison.
Your flesh is very heat resistant. (rF++)
You are vulnerable to cold. (rC-)
You float through the air rather than walking.
You learn spells naturally, not from books.
Your magical power is your life essence.
You have superior vitality. (+4 MHP)


Message History

You see here a staff of conjuration.
c - a glowing purple potion No target in view!
Things that are here:
a +0 short sword; a frilled lizard corpse You see here a +0 war axe of freezing.
d - a +0 war axe of freezing You see here a staff of conjuration.
e - a staff of conjuration Your +0 war axe of freezing glows with a cold blue light!
d - a +0 war axe of freezing (weapon)
You now have 38 gold pieces (gained 10).
You reach down and open the door.
A gnoll comes into view. It is wielding a +0 club.
Found a robe.
You conjure some foxfire!
The gnoll shouts!
There is not enough space to conjure foxfire!
Your foxfire dissipates!
The foxfire hits the gnoll.
The gnoll is moderately wounded.
An endoplasm comes into view.
There is an open door here.
The endoplasm quivers.
You slash the gnoll! You freeze the gnoll.
The gnoll is severely wounded.
The gnoll hits you with a +0 club. x2
You hit the gnoll. You freeze the gnoll.
The gnoll is almost dead.
The gnoll completely misses you.
A kobold comes into view. It is wielding a +1 dagger of venom.
You barely miss the gnoll.
The gnoll is almost dead.
The kobold shouts!
You hit the endoplasm. You freeze the endoplasm.
You hear a shout! x2
The gnoll closely misses you. The endoplasm freezes you.
You are frozen!
You feel a terrible chill!
You die...

..#K##.... #.#...... #.#.....
#...... #..[.. #.#.#....#
......Jg.# # #.#@# #.#.#.#
#.#.#.# #...#.####
######......####
.........##....##
#.#############.######..######
. ......######..##..........#
#.+#≈≈≈##........#..........#


You could see a gnoll, an endoplasm and a kobold.

Vanquished Creatures
  2 ball pythons (D:1)
  A frilled lizard (D:1)
3 creatures vanquished.

Vanquished Creatures (others)
  17 foxfires (D:1)
17 creatures vanquished.

Grand Total: 20 creatures vanquished

Notes
Turn   | Place    | Note
-------+----------+-------------------------------------------
     0 | D:1      | ChiefBigBeans the Djinni Fire Elementalist began the quest
                  | for the Orb.
     0 | D:1      | ChiefBigBeans set off with the following spells memorised:
                  | Foxfire, Scorch, Volatile Blastmotes, Inner Flame, Flame
                  | Wave.
     0 | D:1      | Reached XP level 1. HP: 15/15 MP: 0/0
   129 | D:1      | Frozen to death by an endoplasm

Illustrated notes

Levels and vault maps discovered:
D:1:      dpeg_arrival_rooms_with_view, layout_basic

Action                     || total
---------------------------++-------
  Melee: Unarmed           ||     4
         War axe           ||     3
   Cast: Foxfire           ||    11
 Armour: Robe              ||     2
  Dodge: Dodged            ||     5
